 Dungeon Crawl Stone Soup version 0.31.0-4-g52a2dc7128 (webtiles) character file.

Game seed: 11274884705269644184

5 Goblin1989 the Sneak (level 1, -1/18 HPs)
             Began as a Demonspawn Delver on Jan 21, 2024.
             Slain by a gnoll
             ... wielding a +0 club
              (8 damage)
             ... on level 6 of the Dungeon.
             The game lasted 00:00:46 (27 turns).

Goblin1989 the Sneak (Demonspawn Delver)              Turns: 27, Time: 00:00:46

Health: -1/18      AC:  3    Str: 12    XL:     1   Next: 66%
Magic:  1/1        EV: 11    Int: 10    God:
Gold:   0          SH:  0    Dex: 14    Spells: 0/0 levels left

rFire   . . .        a - +0 short sword
rCold   . . .        (no shield)
rNeg    . . .        b - +0 leather armour
rPois   .            (no helmet)
rElec   .            (no cloak)
rCorr   .            (no gloves)
SInv    .            (no boots)
Will    .....        (no amulet)
Stlth   ++           (no ring)
HPRegen 0.23/turn    (no ring)
MPRegen 0.07/turn

%: no passive effects
@: no status effects
A: no striking features
a: no special abilities


You were on level 6 of the Dungeon.
You visited 1 branch of the dungeon, and saw 2 of its levels.

Inventory:

Hand Weapons
 a - a +0 short sword (weapon)
Armour
 b - a +0 leather armour (worn)
Wands
 g - a wand of digging (3) {@v3}
Scrolls
 c - a scroll of fog
 d - a scroll of revelation
 e - a scroll of fear
Potions
 f - a potion of haste {@q3,}


   Skills:
 - Level 3.0 Fighting
 + Level 2.2 Short Blades
 - Level 1.7 Dodging
 - Level 4.5 Stealth


You couldn't memorise any spells.
You didn't know any spells.
Your spell library was empty.

Dungeon Overview and Level Annotations

Branches:
Dungeon (6/15) Zot: 11972
 Temple: D:4-7

Altars:


Message History

Bad monster_list_colour key: strict_neutral Options error: Unknown explore stop condition 'gates' (Goblin1989.rc:83) Welcome, Goblin1989 the Demonspawn Delver.
The heart of this dungeon contains the fabulous artefact, the Orb of Zot.
Press ? for a list of commands and other information.
Found a quarterstaff.
Found a stone staircase leading down.
Found a flail. 2 ufetubi come into view.
Found a glowing hand axe.
A gnoll comes into view. It is wielding a +0 halberd.
The ufetubus shouts! x2; You hear a shout! x2
A gnoll comes into view. It is wielding a +2 spear of freezing.
You hear an angry hiss.
The gnoll shouts!
The ufetubus hits you. The ufetubus barely misses you.
There is a stone staircase leading down here.
You take 3 damage, and have 15/18 hp.
The ufetubus slips past you! The ufetubus completely misses you.
The ufetubus hits you.
You climb downwards.
Found a stone and 24 gold pieces.
Found an escape hatch in the floor.
There is a stone staircase leading up here.
You take 2 damage, and have 13/18 hp.
You hit the ufetubus. Your punch misses the ufetubus.
The ufetubus is lightly wounded.
The ufetubus barely misses you. The ufetubus misses you. The ufetubus hits you.
The ufetubus closely misses you.
You take 1 damage, and have 12/18 hp.
You hit the ufetubus.
The ufetubus is severely wounded.
The ufetubus hits you. The ufetubus closely misses you.
You take 1 damage, and have 11/18 hp.
You hit the ufetubus.
You kill the ufetubus!
A gnoll comes into view. It is wielding a +0 whip.
Your Short Blades skill increases to level 2!
Unknown command. 2 gnolls and an orc come into view.
A gnoll is wielding a +4 whip of freezing and quivering a throwing net.
The orc is wielding a +0 mace of venom.
The gnoll hits you with a +0 club.
You take 2 damage, and have 10/18 hp.
Unknown command.
The gnoll shouts!
You hit the gnoll.
The gnoll is lightly wounded.
The gnoll barely misses you. The gnoll hits you with a +0 whip.
* * * LOW HITPOINT WARNING * * *
You take 3 damage, and have 7/18 hp.
You barely miss the gnoll.
The gnoll is lightly wounded.
The gnoll hits you with a +0 club!
You die... ████

....█
>....██████████████
......█.....█.....█
............$o.....
...........g.......
............g......
.......<.f.@g......
......h.......(....
...................
...................
............█.....█
.......██████.█████
......$ .. .......
...


You could see a black bear, a sleepcap, 3 gnolls and an orc (wandering).

Vanquished Creatures
  An ufetubus (D:6)
1 creature vanquished.

Notes
Turn   | Place    | Note
-------+----------+-------------------------------------------
     0 | D:5      | Goblin1989 the Demonspawn Delver began the quest for the
                  | Orb.
     0 | D:5      | Reached XP level 1. HP: 18/18 MP: 1/1
    18 | D:6      | Noticed a sleepcap
    18 | D:6      | Noticed a black bear
    27 | D:6      | Slain by a gnoll

Illustrated notes

Levels and vault maps discovered:
D:5:      layout_loops_cross, grunt_qazlal_sundering, nicolae_wormholes
D:6:      cheibrodos_thug_alley, layout_rooms, hangedman_decor_lopped

Skill      XL: |  1 |
---------------+----+-----
Short Blades   | 2 |  2.2
Fighting       | |  3.0
Dodging        | |  1.7
Stealth        | |  4.5

Action                     || total
---------------------------++-------
  Melee: Short sword       ||     5
 Armour: Leather armour    ||     7
  Dodge: Dodged            ||     7
